Map: Dusk Towers

Players

Killa - Winner!

  • Race: Protoss Protoss
  • League: Diamond

A.I. 1 (Medium)

  • Race: Zerg Zerg

VOD

Have the link to the VOD?

Description

Time

  • Played on: April 11, 2016, 6:54 p.m.
  • Length: 6:34
Show
View Real Time Build Order
Export as new Build Order

Killa Protoss - Winner!

Build Orders: 1 Gate Expand, Mass Adepts 

Get SALT Encoding   

  12  0:01  Probe (Chrono Boost)  
  13  0:11  Probe (Chrono Boost)  
  14  0:18  Pylon  
  14  0:22  Probe (Chrono Boost)  
  15  0:36  Probe (Chrono Boost)  
  15  0:39  Gateway  
  16  0:47  Probe (Chrono Boost)  
  17  0:57  Probe (Chrono Boost)  
  18  1:12  Nexus  
  18  1:14  Probe (Chrono Boost)  
  19  1:23  Assimilator  
  19  1:25  Probe (Chrono Boost)  
  20  1:29  Pylon  
  20  1:37  Cybernetics Core  
  20  1:44  Assimilator  
  20  1:48  Probe (Chrono Boost)  
  21  1:59  Probe (Chrono Boost)  
  22  2:09  Probe (Chrono Boost)  
  22  2:10  Warp Gate (Chrono Boost)  
  22  2:14  Adept  
  25  2:20  Probe  
  25  2:22  Probe  
  27  2:32  Probe, Robotics Facility  
  27  2:36  Probe  
  28  2:37  Gateway  
  29  2:45  Adept  
  29  2:48  Probe x2  
  33  3:00  Probe  
  33  3:04  Probe  
  35  3:06  Gateway  
  35  3:10  Gateway  
  35  3:20  Warp Prism (Chrono Boost)  
  37  3:28  Gateway  
  37  3:34  Gateway  
  37  3:38  Pylon  
  37  4:08  Adept x2  
  37  4:09  Adept x2  
  45  4:11  Pylon  
  45  4:12  Pylon  
  45  4:14  Pylon  
  45  4:29  Adept x5  
  53  4:46  Stalker x2  
  53  4:49  Stalker  
  53  4:50  Stalker  
  57  4:57  Stalker  
  59  5:10  Stalker x2  
  59  5:11  Stalker  
  65  5:17  Sentry x2  
  69  5:43  Stalker  
  69  5:44  Stalker  
  69  5:45  Stalker x2  
  77  6:08  Pylon  
  77  6:10  Pylon  
  77  6:12  Pylon  
  77  6:26  Adept  
  77  6:27  Adept x3  
  77  6:28  Adept  
  77  6:29  Adept  
Show
View Real Time Build Order
Export as new Build Order

A.I. 1 (Medium) Zerg 

Build Orders: Hatch First 

Get SALT Encoding   

  12  0:01  Drone  
  13  0:12  Overlord  
  13  0:17  Drone  
  14  0:30  Drone  
  14  0:33  Drone  
  16  0:36  Drone  
  17  0:53  Hatchery  
  17  0:56  Drone  
  17  1:12  Drone, Spawning Pool  
  17  1:15  Drone  
  18  1:19  Extractor  
  18  1:21  Drone  
  18  1:27  Overlord  
  18  1:59  Queen, Zergling x4  
  18  2:00  Drone, Roach Warren  
  22  2:03  Extractor  
  22  2:05  Drone  
  22  2:37  Overlord  
  22  2:40  Drone  
  22  2:41  Roach  
  25  2:47  Extractor  
  24  2:53  Extractor  
  24  2:55  Drone, Lair  
  24  2:56  Roach  
  26  3:11  Drone, Roach  
  29  3:14  Drone  
  29  3:18  Drone  
  31  3:23  Drone  
  31  3:26  Roach  
  34  3:27  Drone  
  34  3:32  Drone  
  36  3:39  Overlord  
  36  3:49  Drone  
  36  3:53  Drone  
  38  3:56  Drone  
  38  3:57  Hydralisk Den  
  38  3:59  Drone  
  39  4:03  Drone  
  39  4:08  Roach  
  42  4:21  Overlord  
  42  4:25  Drone  
  42  4:26  Hydralisk  
  42  4:28  Drone  
  42  4:31  Drone  
  47  4:34  Drone  
  47  4:37  Drone  
  48  4:41  Drone, Hydralisk  
  48  4:44  Drone  
  51  4:47  Drone  
  51  4:50  Drone  
  49  4:57  Roach  
  43  5:08  Overlord  
  43  5:12  Roach  
  43  5:19  Zergling x2  
  42  5:26  Overlord, Hydralisk  
  44  5:34  Zergling x2  
  43  5:35  Overlord  
  33  5:52  Overlord  
  28  5:57  Overlord, Roach  
Tags
 
Add a new tag
Caveats
  • Supply blocks, unpowered buildings, or Contaminate may cause inaccurate times.
  • Supply counts are checked every 10 seconds.